 Dungeon Crawl Stone Soup version 0.22.1-2-g9c5b331 (webtiles) character file.

3 MalarOregon the Stinger (level 1, -8/13 HPs)
             Began as a Merfolk Venom Mage on Nov 26, 2018.
             Mangled by a gnoll (9 damage)
             ... on level 1 of the Dungeon.
             The game lasted 00:01:01 (30 turns).

MalarOregon the Stinger (Merfolk Venom Mage)          Turns: 30, Time: 00:01:02

Health: -8/13      AC:  2    Str:  8    XL:     1   Next: 50%
Magic:  0/3        EV: 13    Int: 14    God:
Gold:   0          SH:  0    Dex: 14    Spells: 3/4 levels left

rFire    . . .     SeeInvis .   (no weapon)
rCold    . . .     Gourm    .   (no shield)
rNeg     . . .     Faith    .   a - +0 robe
rPois    .         Spirit   .   (no helmet)
rElec    .         Reflect  .   (no cloak)
rCorr    .         Harm     .   (no gloves)
MR       .....                  (no boots)
Stlth    ++........             (no amulet)
HPRegen  0.04/turn              (no ring)
MPRegen  0.08/turn              (no ring)

@: very slightly contaminated
A: change form in water, swift swim, stealthy swim
a: no special abilities


You were on level 1 of the Dungeon.
You were not hungry.

You visited 1 branch of the dungeon, and saw 1 of its levels.

Inventory:

Armour
 a - a +0 robe (worn)
Comestibles
 e - a ration {!d}


   Skills:
 + Level 0.1 Fighting
 + Level 0.1 Armour
 + Level 2.7 Dodging
 + Level 2.2 Stealth
 + Level 2.0 Spellcasting
 + Level 0.8 Conjurations
 + Level 3.3 Poison Magic


You had 3 spell levels left.
You knew the following spells:

 Your Spells              Type           Power        Failure   Level  Hunger
a - Sting                 Conj/Pois      #...         11%         1    ##.....

Your spell library contained the following spells:

 Spells                   Type           Power        Failure   Level  Hunger
 Poisonous Vapours        Pois/Air       #.....       19%         2    ###....
 Mephitic Cloud           Conj/Pois/Air  #.......     38%         3    ####...
 Olgreb's Toxic Radiance  Pois           ##......     52%         4    #####..
 Venom Bolt               Conj/Pois      #.........   96%         5    ######.


Dungeon Overview and Level Annotations

Branches:
Dungeon (1/15)

Altars:


Message History

Found a staircase leading out of the dungeon.
A rat, a goblin and 2 kobolds come into view.
The goblin shouts!
You hear a shout! x2
Aim: a kobold, wielding a club (hasn't noticed you)
The sting hits the kobold.
The kobold appears unharmed.
You hear a shout!
Aim: a kobold, wielding a club The sting hits the kobold.
The kobold is poisoned.
You kill the kobold!
Aim: a rat
Okay, then.
A kobold comes into view. It is wielding a short sword.
Found 8 sling bullets.
Aim: a goblin The sting misses the goblin.
The kobold shouts!
A gnoll comes into view.
The kobold throws a stone.
The stone closely misses you.
A goblin comes into view.
Found a chain mail.
You see here a stone.
Found a hand axe.
A kobold comes into view. It is wielding a dagger.
The kobold shouts!
The rat barely misses you.
You hit the rat.
You kill the rat!
Aim: a goblin You miscast Sting.
You are very lightly contaminated with residual magic.
Your vision is briefly tinged with green.
The goblin barely misses you.
You closely miss the goblin. The goblin completely misses you.
You hit the goblin but do no damage. The goblin hits you but does no damage.
You hit the goblin. The goblin closely misses you.
You hit the goblin but do no damage. The goblin misses you.
You hit the goblin.
You kill the goblin!
You hit the gnoll but do no damage. The gnoll barely misses you.
You barely miss the gnoll. The gnoll barely misses you.
You hit the gnoll but do no damage. The gnoll hits you!
Ouch! That really hurt!
* * * LOW HITPOINT WARNING * * *
Found a scroll labeled NERGHU OSI KIFA.
Aim: a gnoll The sting hits the gnoll.
The gnoll appears unharmed.
The gnoll hits you.
* * * LOW HITPOINT WARNING * * *
The gnoll hits you!
Ouch! That really hurt!
You die...

.........)...#<#g...#
...................# .
#.........(#......#
..#.....####.##.......
.K....................
..............[...(....
#......................
#...####†...(..........
#.......####@........K.
#.......#.Kg.........
##.....Kg........#...
#.........).....#..
#...............#
#####.............
................
.?.......##......
.........# #....


You could see a gnoll, a goblin and 2 kobolds.

Vanquished Creatures
  A goblin (D:1)
  A kobold (D:1)
  A rat (D:1)
3 creatures vanquished.

Notes
Turn   | Place    | Note
-------+----------+-------------------------------------------
     0 | D:1      | MalarOregon the Merfolk Venom Mage began the quest for the
                  | Orb.
     0 | D:1      | Reached XP level 1. HP: 13/13 MP: 3/3
    30 | D:1      | Mangled by a gnoll

Action                   || total
-------------------------++-------
Melee: Unarmed           ||     9
 Cast: Sting             ||     4
Armor: Robe              ||     1
Dodge: Dodged            ||     8
